Map: Habitation Station LE (Void)

Players

Willie - Winner!

  • Race: Protoss Protoss
  • League: Platinum
  • Spawn Location: 1:00

Fropez

  • Race: Protoss Protoss
  • League: Gold
  • Spawn Location: 11:00

VOD

Have the link to the VOD?

Description

Time

  • Played on: Dec. 29, 2016, 3:19 p.m.
  • Length: 9:40
Show
View Real Time Build Order
Export as new Build Order

Willie Protoss - Winner!

Build Orders: 1 Gate Expand 

Get SALT Encoding   

  12  0:01  Probe (Chrono Boost)  
  13  0:13  Pylon  
  13  0:21  Probe (Chrono Boost)  
  14  0:33  Gateway  
  14  0:34  Probe (Chrono Boost)  
  15  0:45  Probe (Chrono Boost)  
  16  1:09  Nexus  
  16  1:20  Cybernetics Core  
  16  1:34  Assimilator  
  16  1:35  Zealot  
  18  2:00  Probe (Chrono Boost), Assimilator  
  21  2:10  Pylon, Zealot  
  21  2:12  Probe (Chrono Boost)  
  23  2:23  Probe (Chrono Boost)  
  23  2:31  Probe (Chrono Boost), Warp Gate  
  23  2:36  Probe (Chrono Boost)  
  25  2:42  Mothership Core (Chrono Boost)  
  27  2:50  Probe (Chrono Boost)  
  28  3:00  Probe (Chrono Boost)  
  28  3:01  Assimilator  
  28  3:03  Probe (Chrono Boost)  
  28  3:04  Pylon  
  31  3:13  Probe (Chrono Boost)  
  31  3:15  Robotics Facility  
  31  3:20  Pylon  
  31  3:25  Probe x2 (Chrono Boost)  
  33  3:35  Gateway  
  33  3:40  Probe (Chrono Boost)  
  34  3:42  Probe (Chrono Boost)  
  35  3:54  Twilight Council  
  35  3:57  Probe (Chrono Boost)  
  35  4:01  Probe (Chrono Boost)  
  37  4:10  Warp Prism  
  39  4:21  Probe (Chrono Boost)  
  40  4:33  Gateway  
  40  4:34  Probe (Chrono Boost)  
  40  4:35  Probe (Chrono Boost)  
  42  4:39  Dark Shrine  
  42  4:46  Observer, Probe (Chrono Boost)  
  42  4:51  Gateway  
  44  4:53  Pylon  
  44  4:59  Forge  
  44  5:05  Probe (Chrono Boost)  
  45  5:13  Probe (Chrono Boost)  
  46  5:24  Probe (Chrono Boost)  
  46  5:27  Gateway  
  47  5:31  Probe (Chrono Boost)  
  47  5:33  Assimilator  
  47  5:35  Probe (Chrono Boost)  
  49  5:37  Pylon  
  49  5:55  Charge  
  48  6:01  Immortal  
  52  6:08  Zealot x2  
  52  6:09  Zealot x2  
  60  6:14  Pylon  
  60  6:17  Pylon  
  55  6:35  Probe (Chrono Boost)  
  55  6:36  Probe (Chrono Boost)  
  55  6:38  Stalker x2  
  55  6:39  Stalker x2  
  65  6:49  Protoss Ground Weapons Level 1, Immortal  
  69  7:05  Probe x2 (Chrono Boost)  
  71  7:14  Dark Templar x2  
  71  7:15  Zealot x2, Dark Templar  
  79  7:17  Probe x2 (Chrono Boost)  
  83  7:30  Forge  
  83  7:38  Immortal, Zealot x2  
  83  7:41  Probe (Chrono Boost)  
  83  7:42  Gateway  
  92  7:55  Zealot  
  92  7:56  Zealot  
  94  8:01  Pylon  
  90  8:13  Pylon  
  90  8:16  Pylon  
  91  8:21  Probe (Chrono Boost)  
  91  8:34  Gateway  
  91  8:37  Gateway  
  83  9:05  Nexus  
  83  9:08  Assimilator  
  83  9:09  Zealot  
  71  9:10  Zealot x2, Dark Templar x2  
  71  9:12  Pylon  
  77  9:29  Probe (Chrono Boost)  
  78  9:35  Gateway  
Show
View Real Time Build Order
Export as new Build Order

Fropez Protoss 

Build Orders: 1 Gate Expand 

Get SALT Encoding   

  12  0:01  Probe (Chrono Boost)  
  13  0:11  Probe (Chrono Boost)  
  14  0:18  Pylon  
  14  0:22  Probe (Chrono Boost)  
  15  0:36  Probe (Chrono Boost)  
  15  0:38  Gateway  
  16  0:47  Probe (Chrono Boost)  
  17  0:52  Assimilator  
  17  0:57  Probe (Chrono Boost)  
  18  1:08  Probe (Chrono Boost)  
  20  1:18  Probe (Chrono Boost)  
  20  1:23  Nexus  
  20  1:30  Probe (Chrono Boost)  
  21  1:40  Probe (Chrono Boost)  
  21  1:45  Pylon  
  22  1:51  Probe (Chrono Boost)  
  23  1:55  Pylon  
  23  2:03  Probe (Chrono Boost)  
  23  2:05  Cybernetics Core  
  24  2:13  Probe (Chrono Boost)  
  25  2:18  Assimilator  
  25  2:19  Pylon  
  25  2:24  Probe (Chrono Boost)  
  26  2:30  Warp Gate  
  26  2:35  Probe (Chrono Boost)  
  26  2:36  Gateway  
  28  2:37  Probe (Chrono Boost)  
  28  2:45  Probe (Chrono Boost)  
  31  2:51  Mothership Core (Chrono Boost)  
  31  3:03  Robotics Facility  
  31  3:06  Probe (Chrono Boost)  
  31  3:09  Assimilator  
  32  3:13  Assimilator  
  32  3:21  Probe (Chrono Boost)  
  32  3:22  Pylon  
  32  3:23  Probe (Chrono Boost)  
  32  3:25  Stalker  
  36  3:30  Stalker  
  39  3:34  Probe (Chrono Boost)  
  39  3:37  Probe (Chrono Boost)  
  40  3:44  Twilight Council  
  40  3:48  Probe (Chrono Boost)  
  41  3:50  Probe (Chrono Boost)  
  42  3:58  Stalker  
  42  4:02  Stalker  
  46  4:05  Blink  
  46  4:13  Observer  
  46  4:16  Gateway  
  47  4:19  Probe (Chrono Boost)  
  47  4:20  Probe (Chrono Boost)  
  51  4:32  Probe x2 (Chrono Boost)  
  51  4:37  Gateway  
  51  4:44  Probe (Chrono Boost), Immortal  
  51  4:45  Probe (Chrono Boost)  
  57  4:55  Stalker  
  59  5:11  Stalker  
  59  5:12  Stalker  
  63  5:18  Probe (Chrono Boost)  
  63  5:19  Probe (Chrono Boost)  
  65  5:24  Forge  
  65  5:26  Pylon  
  65  5:29  Observer  
  65  5:31  Probe x2 (Chrono Boost)  
  65  5:34  Stalker  
  70  5:41  Pylon  
  70  5:42  Protoss Ground Weapons Level 1  
  70  5:44  Pylon  
  70  5:46  Pylon, Probe (Chrono Boost)  
  70  5:47  Pylon, Probe (Chrono Boost)  
  72  5:52  Adept x3  
  78  5:59  Observer  
  79  6:28  Adept x4  
  85  6:33  Nexus  
  85  6:37  Pylon  
  85  6:39  Immortal  
  76  6:57  Stalker x2  
  76  6:58  Stalker x2  
  76  7:01  Probe x2 (Chrono Boost)  
  86  7:13  Probe (Chrono Boost)  
  87  7:23  Stalker x2  
  87  7:24  Stalker x2  
  87  7:29  Probe x2 (Chrono Boost)  
  99  7:30  Photon Cannon  
  99  7:31  Observer  
  95  8:13  Probe x2 (Chrono Boost)  
  95  8:15  Probe (Chrono Boost)  
  95  8:16  Assimilator  
  95  8:18  Assimilator  
  97  8:23  Stalker x3  
  97  8:24  Stalker  
  97  8:25  Probe (Chrono Boost)  
  106  8:30  Probe (Chrono Boost)  
  106  8:32  Probe (Chrono Boost)  
  108  8:36  Nexus, Pylon  
  108  8:37  Pylon  
  108  8:38  Probe (Chrono Boost)  
  108  8:40  Pylon  
  108  8:41  Probe (Chrono Boost)  
  103  8:44  Probe (Chrono Boost)  
  96  8:50  Stalker x3  
  59  9:16  Stalker  
  59  9:17  Stalker x3  
  55  9:20  Mothership Core (Chrono Boost)  
Tags
 
Add a new tag
Caveats
  • Supply blocks, unpowered buildings, or Contaminate may cause inaccurate times.
  • Supply counts are checked every 10 seconds.